NCAA
MINNESOTA GOLDEN GOPHERS @ BAYLOR BEARS
04/11/2030
 
TOP OF THE 1ST
Minnesota Golden Gophers batting - Pitching for Baylor Bears : LHP Juan De La Hoya
Pitching: LHP Juan De La Hoya
Batting: RHB Samuel Warner 0-0: Called Strike
0-1: Ball
1-1: Foul Ball, location: 2F
1-2: Foul Ball, location: 2F
1-2: Fly out, F8 (Flyball, 8RS)
Batting: RHB Jason Black 0-0: Called Strike
0-1: Ball
1-1: Ball
2-1: Ball
3-1: Fly out, F5 (Line Drive, 5S)
Batting: RHB Joseph Brown 0-0: Called Strike
0-1: Swinging Strike
0-2: Foul Ball, location: 2F
0-2: Strikes out swinging
Top of the 1st over - 0 runs, 0 hits, 0 errors, 0 left on base; Minnesota 0 - Baylor 0
BOTTOM OF THE 1ST
Baylor Bears batting - Pitching for Minnesota Golden Gophers : LHP Anthony Jacobson
Pitching: LHP Anthony Jacobson
Batting: RHB Reed Allen 0-0: Bunt missed!
0-1: Ball
1-1: Foul Ball, location: 2F
1-2: Ball
2-2: Foul Ball, location: 2F
2-2: Ball
3-2: SINGLE (Line Drive, 7S)
Batting: RHB Richard Jeffries 0-0: DOUBLE (Line Drive, 7LM)
Reed Allen to third
Runner from 3rd tries for Home, SAFE, no throw
Batting: RHB Gerald Taylor 0-0: Called Strike
0-1: Foul Ball, location: 2F
0-2: Foul Ball, location: 2F
0-2: Ball
1-2: Foul Ball, location: 2F
1-2: Strikes out looking
Batting: LHB Sergio García 0-0: Ball
1-0: Foul Ball, location: 2F
1-1: Hit by Pitch
Batting: LHB Alan Jones 0-0: Ball
1-0: Foul Ball, location: 2F
1-1: Called Strike
1-2: Ball
2-2: Foul Ball, location: 2F
2-2: Fielders Choice at 2nd, 3-6 (Groundball, 34)
Richard Jeffries to third
Batting: RHB Doug Carter 0-0: Called Strike
0-1: Ball
1-1: Foul Ball, location: 2F
1-2: Strikes out swinging
Bottom of the 1st over - 1 run, 2 hits, 0 errors, 2 left on base; Minnesota 0 - Baylor 1
TOP OF THE 2ND
Minnesota Golden Gophers batting - Pitching for Baylor Bears : LHP Juan De La Hoya
Batting: LHB Bob Jensen 0-0: Called Strike
0-1: Swinging Strike
0-2: Strikes out swinging
Batting: RHB Steve Mitchell 0-0: Called Strike
0-1: Foul Ball, location: 2F
0-2: Ball
1-2: Foul Ball, location: 2F
1-2: Strikes out swinging
Batting: RHB Felipe Berrios 0-0: Ball
1-0: Ball
2-0: Ball
3-0: Base on Balls
Batting: RHB Nolan Peterson 0-0: Ball
1-0: Ball
2-0: Ball
3-0: Base on Balls
Felipe Berrios to second
Batting: RHB Lou Bender 0-0: Ball
1-0: Fly out, F8 (Flyball, 78S)
Top of the 2nd over - 0 runs, 0 hits, 0 errors, 2 left on base; Minnesota 0 - Baylor 1
BOTTOM OF THE 2ND
Baylor Bears batting - Pitching for Minnesota Golden Gophers : LHP Anthony Jacobson
Batting: RHB Santiago Hernández 0-0: Ball
1-0: Ball
2-0: SINGLE (Groundball, 4MD)
Batting: RHB Denny Dennis 0-0: Called Strike
0-1: Ground out 5-3 (Groundball, 56)
Santiago Hernández to second
Batting: RHB Bryan Clifton 0-0: Called Strike
0-1: Ground out 5-3 (Groundball, 5)
Batting: RHB Reed Allen 0-0: Ball
Wild Pitch!
Santiago Hernández to third
1-0: Ball
2-0: Ball
3-0: Called Strike
3-1: TRIPLE (Flyball, 7LD)
Santiago Hernández scores
Batting: RHB Richard Jeffries 0-0: Called Strike
0-1: SINGLE (Line Drive, 6MD)
Reed Allen scores
Batting: RHB Gerald Taylor 0-0: Ball
Richard Jeffries steals 2nd base
1-0: Called Strike
1-1: Foul Ball, location: 2F
1-2: Ball
2-2: Strikes out swinging
Bottom of the 2nd over - 2 runs, 3 hits, 0 errors, 1 left on base; Minnesota 0 - Baylor 3
TOP OF THE 3RD
Minnesota Golden Gophers batting - Pitching for Baylor Bears : LHP Juan De La Hoya
Batting: RHB Steve Richardson 0-0: Ball
1-0: Called Strike
1-1: Ground out 6-3 (Groundball, 6S)
Batting: RHB Samuel Warner 0-0: Ground out 5-3 (Groundball, 56S)
Batting: RHB Jason Black 0-0: Called Strike
0-1: Foul Ball, location: 2F
0-2: Fly out, F3 (Popup, 34)
Top of the 3rd over - 0 runs, 0 hits, 0 errors, 0 left on base; Minnesota 0 - Baylor 3
BOTTOM OF THE 3RD
Baylor Bears batting - Pitching for Minnesota Golden Gophers : LHP Anthony Jacobson
Batting: LHB Sergio García 0-0: Swinging Strike
0-1: Ball
1-1: Swinging Strike
1-2: Foul Ball, location: 2F
1-2: Ball
2-2: Strikes out swinging
Batting: LHB Alan Jones 0-0: Fly out, F8 (Flyball, 8RD)
Batting: RHB Doug Carter 0-0: Foul Ball, location: 2F
0-1: Foul Ball, location: 2F
0-2: Fly out, F3 (Popup, 34S)
Bottom of the 3rd over - 0 runs, 0 hits, 0 errors, 0 left on base; Minnesota 0 - Baylor 3
TOP OF THE 4TH
Minnesota Golden Gophers batting - Pitching for Baylor Bears : LHP Juan De La Hoya
Batting: RHB Joseph Brown 0-0: Ball
1-0: Ball
2-0: Ground out 6-3 (Groundball, 56)
Batting: LHB Bob Jensen 0-0: Ball
1-0: Called Strike
1-1: Swinging Strike
1-2: Foul Ball, location: 2F
1-2: Strikes out swinging
Batting: RHB Steve Mitchell 0-0: Ball
1-0: Ball
2-0: Ball
3-0: Base on Balls
Batting: RHB Felipe Berrios 0-0: Ball
1-0: Foul Ball, location: 2F
1-1: Called Strike
1-2: Strikes out swinging
Top of the 4th over - 0 runs, 0 hits, 0 errors, 1 left on base; Minnesota 0 - Baylor 3
BOTTOM OF THE 4TH
Baylor Bears batting - Pitching for Minnesota Golden Gophers : LHP Anthony Jacobson
Batting: RHB Santiago Hernández 0-0: Ball
1-0: Foul Ball, location: 2F
1-1: SINGLE (Groundball, 3D)
Batting: RHB Denny Dennis 0-0: Ball
1-0: Called Strike
1-1: Swinging Strike
Santiago Hernández steals 2nd base
1-2: Strikes out swinging
Batting: RHB Bryan Clifton 0-0: Fly out, F7 (Flyball, 7LSF)
Batting: RHB Reed Allen 0-0: Called Strike
0-1: Called Strike
0-2: SINGLE (Groundball, 56D)
Santiago Hernández to third
Runner from 3rd tries for Home, SAFE, no throw
Batting: RHB Richard Jeffries 0-0: Ball
1-0: Foul Ball, location: 2F
1-1: Fielders Choice at 2nd, 5-4 (Groundball, 56)
Bottom of the 4th over - 1 run, 2 hits, 0 errors, 1 left on base; Minnesota 0 - Baylor 4
TOP OF THE 5TH
Minnesota Golden Gophers batting - Pitching for Baylor Bears : LHP Juan De La Hoya
Batting: RHB Nolan Peterson 0-0: Called Strike
0-1: Ball
1-1: SINGLE (Line Drive, 9S)
Batting: RHB Lou Bender 0-0: Called Strike
0-1: Fly out, F9 (Flyball, 89M)
Batting: RHB Steve Richardson 0-0: Called Strike
Nolan Peterson is caught stealing 2nd base
0-1: Ball
1-1: SINGLE (Line Drive, 89S)
Batting: RHB Samuel Warner 0-0: Ball
1-0: Called Strike
1-1: Foul Ball, location: 2F
1-2: Ball
2-2: Foul Ball, location: 2F
2-2: Foul Ball, location: 2F
2-2: Fly out, F6 (Line Drive, 56D)
Top of the 5th over - 0 runs, 2 hits, 0 errors, 1 left on base; Minnesota 0 - Baylor 4
BOTTOM OF THE 5TH
Baylor Bears batting - Pitching for Minnesota Golden Gophers : LHP Anthony Jacobson
Batting: RHB Gerald Taylor 0-0: Ball
1-0: SINGLE (Groundball, 4D)
Batting: LHB Sergio García 0-0: Ball
1-0: Swinging Strike
1-1: Called Strike
1-2: Strikes out looking
Batting: LHB Alan Jones 0-0: Foul Ball, location: 2F
0-1: Called Strike
0-2: Ball
1-2: Foul Ball, location: 2F
1-2: Strikes out swinging
Pitching: RHP Chris Cantrell
Batting: RHB Doug Carter 0-0: Foul Ball, location: 2F
0-1: Ball
1-1: Foul Ball, location: 2F
1-2: Ball
2-2: Foul Ball, location: 2F
2-2: Fly out, F8 (Flyball, 8RM)
Bottom of the 5th over - 0 runs, 1 hit, 0 errors, 1 left on base; Minnesota 0 - Baylor 4
TOP OF THE 6TH
Minnesota Golden Gophers batting - Pitching for Baylor Bears : LHP Juan De La Hoya
Batting: RHB Jason Black 0-0: Called Strike
0-1: SINGLE (Line Drive, 3S)
Batting: RHB Joseph Brown 0-0: Called Strike
0-1: Ball
1-1: Ball
2-1: Foul Ball, location: 2F
2-2: Reached on error, E5 (Groundball, 5)
Jason Black to second
Batting: LHB Bob Jensen 0-0: Ball
1-0: Called Strike
1-1: Foul Ball, location: 2F
1-2: Ball
2-2: Foul Ball, location: 2F
2-2: Strikes out swinging
Pitching: RHP Rafael Sierra
Batting: RHB Steve Mitchell 0-0: Ball
1-0: Ball
2-0: Called Strike
2-1: Foul Ball, location: 2F
2-2: Ball
3-2: Foul Ball, location: 2F
3-2: Fly out, F3 (Popup, 3L)
Batting: RHB Felipe Berrios 0-0: Swinging Strike
0-1: Called Strike
0-2: Ball
1-2: Ball
2-2: SINGLE (Groundball, 6MD)
Jason Black to third
Joseph Brown to second
Runner from 3rd tries for Home, SAFE, no throw
Batting: RHB Nolan Peterson 0-0: Called Strike
0-1: Ball
1-1: Ground out 6-3 (Groundball, 56D)
Top of the 6th over - 1 run, 2 hits, 1 error, 2 left on base; Minnesota 1 - Baylor 4
BOTTOM OF THE 6TH
Baylor Bears batting - Pitching for Minnesota Golden Gophers : RHP Chris Cantrell
Batting: RHB Santiago Hernández 0-0: Foul Ball, location: 2F
0-1: Swinging Strike
0-2: Foul Ball, location: 2F
0-2: Ball
1-2: Ball
2-2: Ball
3-2: Ground out U3 (Groundball, 34)
Batting: RHB Denny Dennis 0-0: Called Strike
0-1: Called Strike
0-2: Fly out, F5 (Popup, 5SF)
Batting: RHB Bryan Clifton 0-0: Called Strike
0-1: Foul Ball, location: 2F
0-2: Ball
1-2: Ball
2-2: Foul Ball, location: 2F
2-2: Ball
3-2: Base on Balls
Batting: RHB Reed Allen 0-0: Called Strike
0-1: Foul Ball, location: 2F
0-2: Fly out, F2 (Popup, 5SF)
Bottom of the 6th over - 0 runs, 0 hits, 0 errors, 1 left on base; Minnesota 1 - Baylor 4
TOP OF THE 7TH
Minnesota Golden Gophers batting - Pitching for Baylor Bears : RHP Rafael Sierra
Batting: RHB Lou Bender 0-0: Called Strike
0-1: Ball
1-1: Ball
2-1: Called Strike
2-2: SINGLE (Groundball, 6MD)
Batting: RHB Steve Richardson 0-0: Ball
1-0: Ball
2-0: Swinging Strike
2-1: Ball
3-1: Base on Balls
Lou Bender to second
Batting: RHB Samuel Warner 0-0: Ball
1-0: Grounds into double play, 4-6-3 (Groundball, 4)
Lou Bender to third
Batting: RHB Jason Black 0-0: Foul Ball, location: 2F
0-1: 2-RUN HOME RUN (Flyball, 7LD), Distance : 332 ft
Batting: RHB Joseph Brown 0-0: Ball
1-0: Ground out 5-3 (Groundball, 56)
Top of the 7th over - 2 runs, 2 hits, 0 errors, 0 left on base; Minnesota 3 - Baylor 4
BOTTOM OF THE 7TH
Baylor Bears batting - Pitching for Minnesota Golden Gophers : RHP Chris Cantrell
Pitching: RHP Mariano Cruz
Batting: RHB Richard Jeffries 0-0: Called Strike
0-1: Swinging Strike
0-2: Ball
1-2: Ball
2-2: Strikes out swinging
Batting: RHB Gerald Taylor 0-0: Ball
1-0: Ball
2-0: Ball
3-0: Base on Balls
Pitching: RHP Ken Swerdlove
Batting: LHB Sergio García 0-0: Called Strike
0-1: Ball
1-1: Ball
2-1: Ball
3-1: SINGLE (Flyball, 9S)
Gerald Taylor to second
Batting: LHB Alan Jones 0-0: Called Strike
0-1: Grounds into double play, 3-6-3 (Groundball, 3)
Bottom of the 7th over - 0 runs, 1 hit, 0 errors, 1 left on base; Minnesota 3 - Baylor 4
TOP OF THE 8TH
Minnesota Golden Gophers batting - Pitching for Baylor Bears : RHP Rafael Sierra
Batting: LHB Bob Jensen 0-0: Ball
1-0: Foul Ball, location: 2F
1-1: Foul Ball, location: 2F
1-2: Ball
2-2: Ball
3-2: Base on Balls
Pitching: LHP David Pérez
Batting: RHB Steve Mitchell 0-0: Ball
1-0: Called Strike
1-1: Foul Ball, location: 2F
1-2: Ball
2-2: Ball
3-2: Foul Ball, location: 2F
3-2: Base on Balls
Bob Jensen to second
Batting: RHB Felipe Berrios 0-0: Foul Ball, location: 2F
0-1: Called Strike
0-2: Foul Ball, location: 2F
0-2: Ball
1-2: Foul Ball, location: 2F
1-2: Ball
2-2: Strikes out swinging
Pinch Hitting: RHB Duane Clarke 0-0: Fly out, F3 (Popup, 34)
Pinch Hitting: RHB Ramón Chávez 0-0: DOUBLE (Flyball, 89XD)
Bob Jensen scores
Steve Mitchell to third
Pinch Hitting: LHB Dave Landry 0-0: SINGLE (Groundball, 4MD)
Steve Mitchell scores
Ramón Chávez to third
Runner from 3rd tries for Home, SAFE, throw made home
Pitching: RHP John Dukes
Batting: RHB Samuel Warner 0-0: Foul Ball, location: 2F
0-1: Called Strike
0-2: Strikes out looking
Top of the 8th over - 3 runs, 2 hits, 0 errors, 1 left on base; Minnesota 6 - Baylor 4
BOTTOM OF THE 8TH
Baylor Bears batting - Pitching for Minnesota Golden Gophers : RHP Ken Swerdlove
Now at 2B: Duane Clarke
Now at SS: Dave Landry
Now in RF: Ramón Chávez
Batting: RHB Doug Carter 0-0: Ball
1-0: Ball
2-0: Ball
3-0: Called Strike
3-1: Base on Balls
Batting: RHB Santiago Hernández 0-0: Ball
1-0: Foul Ball, location: 2F
1-1: Fielders Choice at 2nd, 1-6 (Groundball, 13)
Batting: RHB Denny Dennis 0-0: Ball
1-0: SINGLE (Flyball, 78S)
Santiago Hernández to second
Pitching: RHP Bryan Stark
Batting: RHB Bryan Clifton 0-0: Ball
1-0: Called Strike
1-1: SINGLE (Groundball, 25) (infield hit)
Santiago Hernández to third
Denny Dennis to second
Batting: RHB Reed Allen 0-0: Called Strike
0-1: Called Strike
0-2: Foul Ball, location: 2F
0-2: Foul Ball, location: 2F
0-2: Ball
1-2: Ball
2-2: Ball
3-2: Base on Balls
Santiago Hernández scores
Denny Dennis to third
Bryan Clifton to second
Batting: RHB Richard Jeffries 0-0: Grounds into fielders choice 4-2 (Groundball, 4MS)
Bryan Clifton to third
Reed Allen to second
Batting: RHB Gerald Taylor 0-0: Swinging Strike
0-1: Ball
1-1: Swinging Strike
1-2: Ball
2-2: Strikes out swinging
Bottom of the 8th over - 1 run, 2 hits, 0 errors, 3 left on base; Minnesota 6 - Baylor 5
TOP OF THE 9TH
Minnesota Golden Gophers batting - Pitching for Baylor Bears : RHP John Dukes
Pitching: RHP Tony Reynolds
Batting: RHB Jason Black 0-0: SOLO HOME RUN (Flyball, 7LD), Distance : 315 ft
Batting: RHB Joseph Brown 0-0: Ball
1-0: SOLO HOME RUN (Flyball, 7LD), Distance : 327 ft
Batting: LHB Bob Jensen 0-0: Called Strike
0-1: Foul Ball, location: 2F
0-2: Ball
1-2: Ball
2-2: Fly out, F6 (Line Drive, 6)
Batting: RHB Steve Mitchell 0-0: Ball
1-0: Called Strike
1-1: Ball
2-1: Called Strike
2-2: Strikes out swinging
Batting: RHB Felipe Berrios 0-0: Swinging Strike
0-1: Swinging Strike
0-2: Ball
1-2: Strikes out swinging
Top of the 9th over - 2 runs, 2 hits, 0 errors, 0 left on base; Minnesota 8 - Baylor 5
BOTTOM OF THE 9TH
Baylor Bears batting - Pitching for Minnesota Golden Gophers : RHP Bryan Stark
Pitching: RHP Clay Pryor
Batting: LHB Sergio García 0-0: Ball
1-0: Ball
2-0: Ball
3-0: Base on Balls
Batting: LHB Alan Jones 0-0: Foul Ball, location: 2F
0-1: Called Strike
0-2: Ball
1-2: SINGLE (Groundball, 4MD)
Sergio García to second
Batting: RHB Doug Carter 0-0: Called Strike
0-1: Foul Ball, location: 2F
0-2: Ball
1-2: Foul Ball, location: 2F
1-2: Foul Ball, location: 2F
1-2: Ball
2-2: Strikes out swinging
Batting: RHB Santiago Hernández 0-0: Swinging Strike
0-1: Ball
1-1: Called Strike
1-2: Fly out, F9 (Flyball, 9LSF)
Batting: RHB Denny Dennis 0-0: DOUBLE (Line Drive, 7LS)
Sergio García scores
Alan Jones to third
Batting: RHB Bryan Clifton 0-0: SINGLE (Groundball, 4MD)
Alan Jones scores
Denny Dennis to third
Runner from 3rd tries for Home, SAFE, no throw
Batting: RHB Reed Allen 0-0: Ball
1-0: Called Strike
1-1: Ball
2-1: Ground out 2-3 (Groundball, 2L)
Bottom of the 9th over - 3 runs, 3 hits, 0 errors, 1 left on base; Minnesota 8 - Baylor 8
TOP OF THE 10TH
Minnesota Golden Gophers batting - Pitching for Baylor Bears : RHP Tony Reynolds
Batting: RHB Duane Clarke 0-0: Ball
1-0: Swinging Strike
1-1: Foul Ball, location: 2F
1-2: Fly out, F3 (Popup, 3SF)
Batting: RHB Ramón Chávez 0-0: Called Strike
0-1: Foul Ball, location: 2F
0-2: Ball
1-2: Strikes out swinging
Batting: LHB Dave Landry 0-0: Ball
1-0: Called Strike
1-1: Ball
2-1: Ball
3-1: Base on Balls
Batting: RHB Samuel Warner 0-0: Ground out 4-3 (Groundball, 4)
Top of the 10th over - 0 runs, 0 hits, 0 errors, 1 left on base; Minnesota 8 - Baylor 8
BOTTOM OF THE 10TH
Baylor Bears batting - Pitching for Minnesota Golden Gophers : RHP Clay Pryor
Pitching: RHP Sandy Lund
Batting: RHB Richard Jeffries 0-0: Ball
1-0: Ball
2-0: Called Strike
2-1: Ball
3-1: Base on Balls
Batting: RHB Gerald Taylor 0-0: Ball
1-0: Grounds into double play, 6-4-3 (Groundball, 6MD)
Batting: LHB Sergio García 0-0: Called Strike
0-1: Ground out 5-3 (Groundball, 6)
Bottom of the 10th over - 0 runs, 0 hits, 0 errors, 0 left on base; Minnesota 8 - Baylor 8
TOP OF THE 11TH
Minnesota Golden Gophers batting - Pitching for Baylor Bears : RHP Tony Reynolds
Batting: RHB Jason Black 0-0: Ball
1-0: Ball
2-0: Ball
3-0: Base on Balls
Batting: RHB Joseph Brown 0-0: Ball
1-0: Foul Ball, location: 2F
1-1: Foul Ball, location: 2F
1-2: Ball
2-2: Ball
3-2: Base on Balls
Jason Black to second
Batting: LHB Bob Jensen 0-0: Ball
1-0: Ball
2-0: Called Strike
2-1: Swinging Strike
2-2: Strikes out swinging
Batting: RHB Steve Mitchell 0-0: Ball
1-0: Called Strike
1-1: SINGLE (Line Drive, 78S)
Jason Black to third
Joseph Brown to second
Runner from 3rd tries for Home, SAFE, throw made home
Batting: RHB Felipe Berrios 0-0: Called Strike
0-1: Called Strike
0-2: Ball
1-2: Ball
2-2: Strikes out swinging
Batting: RHB Duane Clarke 0-0: Called Strike
0-1: Called Strike
0-2: Foul Ball, location: 2F
0-2: Fly out, F8 (Flyball, 8RD)
Top of the 11th over - 1 run, 1 hit, 0 errors, 2 left on base; Minnesota 9 - Baylor 8
BOTTOM OF THE 11TH
Baylor Bears batting - Pitching for Minnesota Golden Gophers : RHP Sandy Lund
Batting: LHB Alan Jones 0-0: Ball
1-0: Ball
2-0: Ball
3-0: Called Strike
3-1: Foul Ball, location: 2F
3-2: Base on Balls
Batting: RHB Doug Carter 0-0: Ball
1-0: Ball
2-0: Ball
3-0: Called Strike
3-1: Foul Ball, location: 2F
3-2: Base on Balls
Alan Jones to second
Batting: RHB Santiago Hernández 0-0: Swinging Strike
0-1: Ball
1-1: Ground out U3 (Groundball, 3)
Alan Jones to third
Doug Carter to second
Batting: RHB Denny Dennis 0-0: Foul Ball, location: 2F
0-1: Ball
1-1: SINGLE (Groundball, 6D)
Alan Jones scores
Doug Carter to third
Runner from 3rd tries for Home, SAFE, no throw
Saturday, April 7th, 2018 - OOTP Baseball 18.8 Build 76